TOP OF THE 1ST |
Santa Fe Diablos batting - Pitching for Salem Silver Souls : RHP Patrick Williamson
|
Pitching: RHP Patrick Williamson
|
|
Batting: SHB Pancho Vásquez
|
0-0: Ball 1-0: Foul Ball, location: 2F 1-1: Ball 2-1: DOUBLE (Groundball, 3L)
|
Batting: RHB Frank Martínez
|
0-0: Ball 1-0: Ball 2-0: Foul Ball, location: 2F 2-1: DOUBLE (Line Drive, 89XD) Pancho Vásquez scores
|
Batting: RHB Ray Ervin
|
0-0: Called Strike 0-1: Swinging Strike 0-2: Ball 1-2: Strikes out looking
|
Batting: LHB Michael Barrett
|
0-0: Ball 1-0: Foul Ball, location: 2F 1-1: Foul Ball, location: 2F 1-2: Ball 2-2: Ball 3-2: DOUBLE (Line Drive, 78M) Frank Martínez scores
|
Batting: LHB Arturo Rodledo
|
0-0: Ball 1-0: Ball 2-0: Called Strike 2-1: Foul Ball, location: 2F 2-2: Strikes out swinging
|
Batting: RHB Félix Campos
|
0-0: Called Strike 0-1: Ball 1-1: Ball 2-1: Foul Ball, location: 2F 2-2: Strikes out swinging
|
Top of the 1st over - 2 run(s), 3 hit(s), 0 error(s), 1 left on base; Santa Fe 2 - Salem 0 |
BOTTOM OF THE 1ST |
Salem Silver Souls batting - Pitching for Santa Fe Diablos : RHP Larry Jenkins
|
Pitching: RHP Larry Jenkins
|
|
Batting: LHB Joel Nelson
|
0-0: Foul Ball, location: 2F 0-1: SINGLE (Groundball, 34D)
|
Batting: LHB Hamilton Hughes
|
0-0: Foul Ball, location: 2F 0-1: Ball 1-1: Fly out, F6 (Popup, 6D)
|
Batting: LHB Chance Santry
|
0-0: Called Strike 0-1: Called Strike 0-2: Ball 1-2: DOUBLE (Line Drive, 7LS) Joel Nelson to third Runner from 3rd tries for Home, SAFE, no throw
|
Batting: RHB Jim Villiers
|
0-0: Foul Ball, location: 2F 0-1: Hit by Pitch
|
Batting: RHB Gustavo Pagán
|
0-0: Ball 1-0: Ball 2-0: Ball 3-0: Grounds into double play, 6-4-3 (Groundball, 6)
|
Bottom of the 1st over - 1 run(s), 2 hit(s), 0 error(s), 1 left on base; Santa Fe 2 - Salem 1 |
TOP OF THE 2ND |
Santa Fe Diablos batting - Pitching for Salem Silver Souls : RHP Patrick Williamson
|
Batting: RHB Ricardo Remedios
|
0-0: Ball 1-0: Called Strike 1-1: Foul Ball, location: 2F 1-2: Ball 2-2: Foul Ball, location: 2F 2-2: Ball 3-2: Strikes out swinging
|
Batting: LHB Javier Martínez
|
0-0: Ball 1-0: Swinging Strike 1-1: Foul Ball, location: 2F 1-2: Ball 2-2: Ball 3-2: Foul Ball, location: 2F 3-2: SINGLE (Groundball, 34D)
|
Batting: RHB Gerald Johnson
|
0-0: Ball 1-0: Foul Ball, location: 2F 1-1: Ball 2-1: Called Strike 2-2: Fielders Choice at 2nd, 3-6 (Groundball, 3)
|
Batting: SHB Pancho Vásquez
|
0-0: Foul Ball, location: 2F 0-1: SINGLE (Groundball, 56) (infield hit) Gerald Johnson to second
|
Batting: RHB Frank Martínez
|
0-0: Ball 1-0: Foul Ball, location: 2F 1-1: Swinging Strike 1-2: Ball Passed Ball! Gerald Johnson to third Pancho Vásquez to second 2-2: Strikes out looking
|
Top of the 2nd over - 0 run(s), 2 hit(s), 0 error(s), 2 left on base; Santa Fe 2 - Salem 1 |
BOTTOM OF THE 2ND |
Salem Silver Souls batting - Pitching for Santa Fe Diablos : RHP Larry Jenkins
|
Batting: SHB Tony Yan
|
0-0: Ground out 3-1 (Groundball, 34D)
|
Batting: RHB Tom Hughes
|
0-0: Ball 1-0: Ball 2-0: Ball 3-0: Base on Balls
|
Batting: RHB Augusto Baiano
|
0-0: Ball 1-0: Swinging Strike 1-1: Ball 2-1: Grounds into double play, 6-4-3 (Groundball, 56)
|
Bottom of the 2nd over - 0 run(s), 0 hit(s), 0 error(s), 0 left on base; Santa Fe 2 - Salem 1 |
TOP OF THE 3RD |
Santa Fe Diablos batting - Pitching for Salem Silver Souls : RHP Patrick Williamson
|
Batting: RHB Ray Ervin
|
0-0: Fly out, F5 (Popup, 5D)
|
Batting: LHB Michael Barrett
|
0-0: Ball 1-0: SINGLE (Groundball, 6MD)
|
Batting: LHB Arturo Rodledo
|
0-0: Ball 1-0: Called Strike Michael Barrett is caught stealing 2nd base 1-1: DOUBLE (Line Drive, 9LS)
|
Batting: RHB Félix Campos
|
0-0: Called Strike 0-1: Ball 1-1: Swinging Strike 1-2: Ball 2-2: Strikes out swinging
|
Top of the 3rd over - 0 run(s), 2 hit(s), 0 error(s), 1 left on base; Santa Fe 2 - Salem 1 |
BOTTOM OF THE 3RD |
Salem Silver Souls batting - Pitching for Santa Fe Diablos : RHP Larry Jenkins
|
Batting: RHB Jaime Rodríguez
|
0-0: Foul Ball, location: 2F 0-1: Ball 1-1: Ball 2-1: Ball 3-1: Swinging Strike 3-2: Strikes out swinging
|
Batting: LHB Joel Nelson
|
0-0: Ground out 1-3 (Groundball, 13S)
|
Batting: LHB Hamilton Hughes
|
0-0: Called Strike 0-1: Ball 1-1: Foul Ball, location: 2F 1-2: Fly out, F9 (Line Drive, 9)
|
Bottom of the 3rd over - 0 run(s), 0 hit(s), 0 error(s), 0 left on base; Santa Fe 2 - Salem 1 |
TOP OF THE 4TH |
Santa Fe Diablos batting - Pitching for Salem Silver Souls : RHP Patrick Williamson
|
Batting: RHB Ricardo Remedios
|
0-0: Ball 1-0: Ball 2-0: Ball 3-0: Base on Balls
|
Batting: LHB Javier Martínez
|
0-0: Ball 1-0: Called Strike 1-1: Called Strike 1-2: Strikes out swinging
|
Batting: RHB Gerald Johnson
|
0-0: Ball 1-0: Ball 2-0: Ball 3-0: Called Strike 3-1: Foul Ball, location: 2F 3-2: Foul Ball, location: 2F 3-2: SINGLE (Groundball, 56D) Ricardo Remedios to second Ricardo Remedios to third
|
Batting: SHB Pancho Vásquez
|
0-0: Called Strike 0-1: Foul Ball, location: 2F 0-2: Fielders Choice at 2nd, 4-6 (Groundball, 4) Ricardo Remedios scores
|
Batting: RHB Frank Martínez
|
0-0: Called Strike 0-1: Ball 1-1: Called Strike Pancho Vásquez steals 2nd base 1-2: Ball 2-2: Ball 3-2: Foul Ball, location: 2F 3-2: Strikes out swinging
|
Top of the 4th over - 1 run(s), 1 hit(s), 0 error(s), 1 left on base; Santa Fe 3 - Salem 1 |
BOTTOM OF THE 4TH |
Salem Silver Souls batting - Pitching for Santa Fe Diablos : RHP Larry Jenkins
|
Batting: LHB Chance Santry
|
0-0: SOLO HOME RUN (Line Drive, 9D) (Inside the Park)
|
Batting: RHB Jim Villiers
|
0-0: Ball 1-0: Called Strike 1-1: Called Strike 1-2: Foul Ball, location: 2F 1-2: Strikes out swinging
|
Batting: RHB Gustavo Pagán
|
0-0: Ground out 5-3 (Groundball, 56S)
|
Batting: SHB Tony Yan
|
0-0: Ball 1-0: Foul Ball, location: 2F 1-1: Swinging Strike 1-2: Strikes out looking
|
Bottom of the 4th over - 1 run(s), 1 hit(s), 0 error(s), 0 left on base; Santa Fe 3 - Salem 2 |
TOP OF THE 5TH |
Santa Fe Diablos batting - Pitching for Salem Silver Souls : RHP Patrick Williamson
|
Batting: RHB Ray Ervin
|
0-0: Called Strike 0-1: Foul Ball, location: 2F 0-2: Ball 1-2: Foul Ball, location: 2F 1-2: Ball 2-2: Reached on error, E5 (Groundball, 56)
|
Pitching: RHP Bob Bartell
|
|
Batting: LHB Michael Barrett
|
0-0: Swinging Strike 0-1: Foul Ball, location: 2F 0-2: Strikes out looking
|
Batting: LHB Arturo Rodledo
|
0-0: Ball 1-0: Ball 2-0: Foul Ball, location: 2F 2-1: Foul Ball, location: 2F 2-2: Ball 3-2: Base on Balls Ray Ervin to second
|
Batting: RHB Félix Campos
|
0-0: Called Strike 0-1: Ball 1-1: Called Strike 1-2: Strikes out looking
|
Batting: RHB Ricardo Remedios
|
0-0: Ball 1-0: Swinging Strike 1-1: Swinging Strike 1-2: Strikes out swinging
|
Top of the 5th over - 0 run(s), 0 hit(s), 1 error(s), 2 left on base; Santa Fe 3 - Salem 2 |
BOTTOM OF THE 5TH |
Salem Silver Souls batting - Pitching for Santa Fe Diablos : RHP Larry Jenkins
|
Batting: RHB Tom Hughes
|
0-0: Foul Ball, location: 2F 0-1: Swinging Strike 0-2: Ball 1-2: Ground out 5-3 (Groundball, 56)
|
Pitching: LHP Albert Alonzo
|
|
Batting: RHB Augusto Baiano
|
0-0: Ball 1-0: Ball 2-0: Ball 3-0: Base on Balls
|
Batting: RHB Jaime Rodríguez
|
0-0: Ball 1-0: Called Strike 1-1: Swinging Strike 1-2: Ball 2-2: Ball 3-2: Foul Ball, location: 2F 3-2: Fly out, F5 (Line Drive, 5S)
|
Batting: LHB Joel Nelson
|
0-0: Swinging Strike 0-1: Ball 1-1: Ground out 4-3 (Groundball, 34)
|
Bottom of the 5th over - 0 run(s), 0 hit(s), 0 error(s), 1 left on base; Santa Fe 3 - Salem 2 |
TOP OF THE 6TH |
Santa Fe Diablos batting - Pitching for Salem Silver Souls : RHP Bob Bartell
|
Batting: LHB Javier Martínez
|
0-0: Ball 1-0: Ball 2-0: Ball 3-0: Base on Balls
|
Batting: RHB Gerald Johnson
|
0-0: Called Strike 0-1: Swinging Strike 0-2: Ball 1-2: Foul Ball, location: 2F 1-2: Ball 2-2: Strikes out looking
|
Batting: SHB Pancho Vásquez
|
0-0: Ball 1-0: Foul Ball, location: 2F 1-1: SINGLE (Groundball, 56D) Javier Martínez to second
|
Batting: RHB Frank Martínez
|
0-0: Ball 1-0: SINGLE (Line Drive, 6D) Javier Martínez to third Pancho Vásquez to second Runner from 3rd tries for Home, SAFE, throw made home Pancho Vásquez to third Frank Martínez to second
|
Batting: RHB Ray Ervin
|
0-0: Ball 1-0: Ball 2-0: SINGLE (Line Drive, 7LS) Pancho Vásquez scores Frank Martínez to third Runner from 3rd tries for Home, SAFE, no throw
|
Pitching: RHP Andy Hickey
|
|
Batting: LHB Michael Barrett
|
0-0: Swinging Strike 0-1: Called Strike 0-2: Ball 1-2: Strikes out swinging
|
Batting: LHB Arturo Rodledo
|
0-0: Called Strike 0-1: Ball 1-1: Fly out, F7 (Flyball, 78M)
|
Top of the 6th over - 3 run(s), 3 hit(s), 0 error(s), 1 left on base; Santa Fe 6 - Salem 2 |
BOTTOM OF THE 6TH |
Salem Silver Souls batting - Pitching for Santa Fe Diablos : LHP Albert Alonzo
|
Batting: LHB Hamilton Hughes
|
0-0: Ball 1-0: Swinging Strike 1-1: Called Strike 1-2: Ball 2-2: Strikes out swinging
|
Batting: LHB Chance Santry
|
0-0: Called Strike 0-1: Ball 1-1: Foul Ball, location: 2F 1-2: Foul Ball, location: 2F 1-2: Ball 2-2: Ball 3-2: Base on Balls
|
Batting: RHB Jim Villiers
|
0-0: Swinging Strike 0-1: Ball 1-1: Foul Ball, location: 2F 1-2: Foul Ball, location: 2F 1-2: Ball 2-2: Foul Ball, location: 2F 2-2: Ball 3-2: Foul Ball, location: 2F 3-2: DOUBLE (Line Drive, 7LM) Chance Santry to third
|
Batting: RHB Gustavo Pagán
|
0-0: Foul Ball, location: 2F 0-1: Ball 1-1: Ball 2-1: Foul Ball, location: 2F 2-2: Ball 3-2: Foul Ball, location: 2F 3-2: Strikes out swinging
|
Batting: SHB Tony Yan
|
0-0: Foul Ball, location: 2F 0-1: Ball 1-1: Fly out, F8 (Line Drive, 8LM)
|
Bottom of the 6th over - 0 run(s), 1 hit(s), 0 error(s), 2 left on base; Santa Fe 6 - Salem 2 |
TOP OF THE 7TH |
Santa Fe Diablos batting - Pitching for Salem Silver Souls : RHP Andy Hickey
|
Batting: RHB Félix Campos
|
0-0: Fly out, F7 (Flyball, 78M)
|
Batting: RHB Ricardo Remedios
|
0-0: Ball 1-0: Foul Ball, location: 2F 1-1: Called Strike 1-2: Foul Ball, location: 2F 1-2: DOUBLE (Flyball, 78M)
|
Batting: LHB Javier Martínez
|
0-0: Ball Ricardo Remedios steals 3rd base 1-0: Ball 2-0: Foul Ball, location: 2F 2-1: Foul Ball, location: 2F 2-2: Foul Ball, location: 2F 2-2: Ball 3-2: Strikes out swinging
|
Batting: RHB Gerald Johnson
|
0-0: Foul Ball, location: 2F 0-1: SINGLE (Line Drive, 6M) Ricardo Remedios scores
|
Batting: SHB Pancho Vásquez
|
0-0: Called Strike 0-1: Called Strike 0-2: Foul Ball, location: 2F 0-2: Ball 1-2: Strikes out swinging
|
Top of the 7th over - 1 run(s), 2 hit(s), 0 error(s), 1 left on base; Santa Fe 7 - Salem 2 |
BOTTOM OF THE 7TH |
Salem Silver Souls batting - Pitching for Santa Fe Diablos : LHP Albert Alonzo
|
Batting: RHB Tom Hughes
|
0-0: Called Strike 0-1: Foul Ball, location: 2F 0-2: Strikes out looking
|
Batting: RHB Augusto Baiano
|
0-0: Ground out 5-3 (Groundball, 5L)
|
Batting: RHB Jaime Rodríguez
|
0-0: Ball 1-0: Ball 2-0: Called Strike 2-1: Ball 3-1: Base on Balls
|
Pitching: RHP Bill Davis
|
|
Batting: LHB Joel Nelson
|
0-0: Called Strike 0-1: Ball 1-1: Fly out, F7 (Flyball, 78M)
|
Bottom of the 7th over - 0 run(s), 0 hit(s), 0 error(s), 1 left on base; Santa Fe 7 - Salem 2 |
TOP OF THE 8TH |
Santa Fe Diablos batting - Pitching for Salem Silver Souls : RHP Andy Hickey
|
Batting: RHB Frank Martínez
|
0-0: Fly out, F4 (Line Drive, 4S)
|
Batting: RHB Ray Ervin
|
0-0: Called Strike 0-1: Foul Ball, location: 2F 0-2: Strikes out swinging, 2-3 out at first.
|
Batting: LHB Michael Barrett
|
0-0: Reached on error, E3 (Groundball, 3)
|
Batting: LHB Arturo Rodledo
|
0-0: Ball 1-0: Ball 2-0: Called Strike 2-1: Called Strike 2-2: Fly out, F8 (Flyball, 89S)
|
Top of the 8th over - 0 run(s), 0 hit(s), 1 error(s), 1 left on base; Santa Fe 7 - Salem 2 |
BOTTOM OF THE 8TH |
Salem Silver Souls batting - Pitching for Santa Fe Diablos : RHP Bill Davis
|
Batting: LHB Hamilton Hughes
|
0-0: Ball 1-0: Ball 2-0: Ball 3-0: Called Strike 3-1: Swinging Strike 3-2: Foul Ball, location: 2F 3-2: Base on Balls
|
Batting: LHB Chance Santry
|
0-0: Fly out, F8 (Flyball, 8LXD)
|
Batting: RHB Jim Villiers
|
0-0: Called Strike Balk! Hamilton Hughes to second 0-1: Called Strike 0-2: Ball 1-2: Ball 2-2: Ball 3-2: Foul Ball, location: 2F 3-2: Base on Balls
|
Batting: RHB Gustavo Pagán
|
0-0: Ball 1-0: Ball 2-0: Ball 3-0: Called Strike 3-1: 3-RUN HOME RUN (Flyball, 78XD), Distance : 437 ft
|
Pitching: RHP Manuel Zarate
|
|
Batting: SHB Tony Yan
|
0-0: Foul Ball, location: 2F 0-1: Swinging Strike 0-2: Ground out U3 (Groundball, 34)
|
Batting: RHB Tom Hughes
|
0-0: Swinging Strike 0-1: Swinging Strike 0-2: Ball 1-2: Ball 2-2: Foul Ball, location: 2F 2-2: Foul Ball, location: 2F 2-2: Ball 3-2: SINGLE (Groundball, 6D)
|
Batting: RHB Augusto Baiano
|
0-0: Ball 1-0: Ball 2-0: Foul Ball, location: 2F 2-1: Foul Ball, location: 2F 2-2: Ball Wild Pitch! Tom Hughes to second 3-2: SINGLE (Groundball, 6MD) Tom Hughes to third Tom Hughes scores
|
Batting: RHB Jaime Rodríguez
|
0-0: Ball 1-0: Foul Ball, location: 2F 1-1: Ball 2-1: SINGLE (Flyball, 7LS) Augusto Baiano to second
|
Pitching: LHP Dan O'Brien
|
|
Pinch Hitting: RHB Jack Snyder
|
0-0: Ball 1-0: Called Strike 1-1: Foul Ball, location: 2F 1-2: Ball 2-2: 3-RUN HOME RUN (Flyball, 78XD), Distance : 423 ft
|
Batting: LHB Hamilton Hughes
|
0-0: Ball 1-0: Called Strike 1-1: Fly out, F8 (Flyball, 8RM)
|
Bottom of the 8th over - 7 run(s), 5 hit(s), 0 error(s), 0 left on base; Santa Fe 7 - Salem 9 |
TOP OF THE 9TH |
Santa Fe Diablos batting - Pitching for Salem Silver Souls : RHP Andy Hickey
|
Pitching: RHP Mario Navarro
|
|
Now in LF: Dawson Fowler
|
|
Batting: RHB Félix Campos
|
0-0: Foul Ball, location: 2F 0-1: Ball 1-1: Foul Ball, location: 2F 1-2: Ball 2-2: Ball 3-2: SINGLE (Line Drive, 4)
|
Batting: RHB Ricardo Remedios
|
0-0: SINGLE (Groundball, 56D) Félix Campos to second
|
Batting: LHB Javier Martínez
|
0-0: SINGLE (Groundball, 34S) (infield hit) Félix Campos to third Ricardo Remedios to second
|
Pinch Hitting: LHB John Bond
|
0-0: Foul Ball, location: 2F 0-1: Foul Ball, location: 2F 0-2: Ball 1-2: Grounds into double play, 3-6-4 (Groundball, 34) Félix Campos scores Ricardo Remedios to third
|
Pinch Hitting: SHB Ángel Díaz
|
0-0: Ball 1-0: Ball 2-0: Ball 3-0: Base on Balls
|
Pinch Hitting: LHB Luis Torres
|
0-0: Ball 1-0: Called Strike 1-1: Foul Ball, location: 2F 1-2: Ball 2-2: Ball 3-2: Strikes out looking
|
Top of the 9th over - 1 run(s), 3 hit(s), 0 error(s), 2 left on base; Santa Fe 8 - Salem 9 |
|